 Seeded DCSS version 0.32-a0-868-g153ae1a8d6 (webtiles) character file.

Game seed: 15090059221397176648 (custom seed)

548 Biggs the Shooter (level 7, -2/50 HPs)
             Began as a Coglin Hunter on Mar 28, 2024.
             Killed from afar by Pikel (15 damage)
             ... with a bolt of acid
             ... on level 3 of the Dungeon.
             The game lasted 00:03:19 (2478 turns).

Biggs the Shooter (Coglin Hunter)                   Turns: 2478, Time: 00:03:19

Health: -2/50      AC:  1    Str: 12    XL:     7   Next: 28%
Magic:  7/7        EV: 10    Int:  8    God:
Gold:   173        SH:  0    Dex: 19    Spells: 6/6 levels left

rFire   . . .        a - +2 sling {Hayata}
rCold   . . .        d - +0 sling {Jim}
rNeg    . . .        k - +0 ring mail of the Gastropod {Will+ SInv}
rPois   .            (no helmet)
rElec   .            (no cloak)
rCorr   .            (no gloves)
SInv    +            (no boots)
Will    +....        (amulet unavailable)
Stlth   +            (ring unavailable)
HPRegen 0.28/turn    (ring unavailable)
MPRegen 0.10/turn    (no gizmo)

%: no passive effects
@: corroded, revving
A: off-hand wielding, slow wielding, warmup strikes, no jewellery
a: Invent Gizmo


You were on level 3 of the Dungeon.
You visited 1 branch of the dungeon, and saw 4 of its levels.

You collected 173 gold pieces.

Inventory:

Hand Weapons
 a - a +2 sling (weapon) {Hayata}
 d - a +0 sling (offhand) {Jim}
Armour
 k - the +0 ring mail of the Gastropod (worn) {Will+ SInv}
   (You took it off a kobold on level 2 of the Dungeon)

   Will+:     It increases your willpower.
   SInv:      It lets you see invisible.
Scrolls
 b - a scroll of butterflies
 f - 2 scrolls of identify
 j - a scroll of poison
Potions
 g - 2 potions of heal wounds {unknown}
 i - a potion of curing {unknown}


   Skills:
 - Level 2.0 Fighting
 + Level 7.8 Ranged Weapons
 - Level 1.7 Dodging
 - Level 0.7 Stealth


You had 6 spell levels left.
You didn't know any spells.
Your spell library contained the following spells:

 Spells                   Type           Power      Damage    Failure   Level
 Ensorcelled Hibernation  Hex/Ice        0%         N/A       83%         2
 Fugue of the Fallen      Necr           0%         N/A       96%         3
 Anguish                  Hex/Necr       0%         N/A       100%        4


Dungeon Overview and Level Annotations

Branches:
Dungeon (4/15)
 Temple: D:4-7

Altars:
Sif Muna

Annotations:
D:3 Pikel


Innate Abilities, Weirdness & Mutations

You can wield a second weapon in your off-hand.
It takes a long time for you to wield or remove held weapons.
Your first few attacks do less damage.
You cannot equip rings or amulets.


Message History

You climb downwards.
Level annotation: Pikel
There is a stone staircase leading up here.
You shoot a sling bullet.
The sling bullet hits Pikel but does no damage.
You shoot a sling bullet. The sling bullet barely misses Pikel.
Unknown command.
You shoot a sling bullet. The sling bullet barely misses Pikel.
You shoot a sling bullet.
The sling bullet hits Pikel but does no damage.
Unknown command.
You shoot a sling bullet. The sling bullet barely misses Pikel.
You shoot a sling bullet. The sling bullet barely misses Pikel.
Unknown command.
Unknown command.
You shoot a sling bullet. The sling bullet closely misses Pikel.
You shoot a sling bullet. The sling bullet barely misses Pikel.
Unknown command.
You shoot a sling bullet. The sling bullet closely misses Pikel.
You shoot a sling bullet. The sling bullet hits Pikel.
Pikel is lightly wounded.
Pikel hits you with a +0 whip of freezing.
Pikel freezes you.
Pikel hits you with a +0 whip of freezing.
Pikel freezes you.
Unknown command.
Pikel zaps a wand.
The bolt of acid hits you!!
Ouch! That really hurt!
* * * LOW HITPOINT WARNING * * *
The acid corrodes you!
You climb upwards.
There is a stone staircase leading down here.
Unknown command.
You aren't carrying any items that you can evoke.
Unknown command.
As you read the scroll of fear, it crumbles to dust.
You assume a fearsome visage.
Pikel resists with some effort.
Pikel zaps a wand.
The bolt of acid hits you!
You die...
Pikel says, "Another soul for the market."

###....####.........####...#.#
##..## ##.......######.##.###
#.## ##.....## #.........# #.#
##...## #.#####.#.# #.#
##'######.#####.#.# ####.#####
#.##........#....# .........##
#.##.###.##...#.>#
.###......#####.##.###.##......#
.# ####.........@......##..###.#
.######.#####....K.##..##..###.#
........# ##...#.##..........#
######### ##.##.##.###..#####
#.##.........# #.############
#.# #.# #.#


You could see Pikel.

Vanquished Creatures
  Grinder (D:3)
  Sigmund (D:2)
  A lemure (D:3)
  An orc priest (D:3)
  Natasha (twice) (D:3)
  3 gnolls
  7 dart slugs
  2 ribbon worms (D:2)
  5 orcs
  A ball python (D:1)
  6 endoplasms
  2 giant cockroaches (D:1)
  8 goblins
  5 hobgoblins
  3 quokkas
  2 bats
  2 frilled lizards
  4 kobolds
  2 rats
58 creatures vanquished.

Notes
Turn   | Place    | Note
-------+----------+-------------------------------------------
     0 | D:1      | Biggs the Coglin Hunter began the quest for the Orb.
     0 | D:1      | Reached XP level 1. HP: 16/16 MP: 1/1
    95 | D:1      | Reached skill level 4 in Ranged Weapons
    95 | D:1      | Reached XP level 2. HP: 22/22 MP: 2/2
   280 | D:1      | Reached XP level 3. HP: 27/27 MP: 3/3
   594 | D:2      | Noticed Sigmund
   750 | D:1      | HP: 1/27 [gnoll/+0 club (6)]
   865 | D:2      | Reached skill level 5 in Ranged Weapons
   865 | D:2      | Reached XP level 4. HP: 18/33 MP: 4/4
   937 | D:2      | Killed Sigmund
   938 | D:2      | Reached skill level 6 in Ranged Weapons
   938 | D:2      | Reached XP level 5. HP: 34/38 MP: 5/5
   938 | D:2      | Reached XP level 6. HP: 39/44 MP: 6/6
  1243 | D:2      | Identified the +0 ring mail of the Gastropod {Will+ SInv}
  1521 | D:3      | Found a shimmering blue altar of Sif Muna.
  1720 | D:3      | Noticed Natasha
  1731 | D:3      | Killed Natasha
  1822 | D:3      | Noticed Grinder
  1824 | D:3      | Paralysed by Grinder for 3 turns
  1839 | D:3      | Killed Grinder
  1840 | D:3      | Reached skill level 7 in Ranged Weapons
  1840 | D:3      | Reached XP level 7. HP: 31/50 MP: 7/7
  2265 | D:3      | Noticed Natasha
  2269 | D:3      | Killed Natasha
  2362 | D:4      | Noticed Pikel
  2478 | D:3      | Killed from afar by Pikel

Illustrated notes

Levels and vault maps discovered:
D:1:      minmay_arrival_shattered_statue, layout_basic, minmay_unequal
D:2:      layout_basic, uniq_sigmund
D:3:      layout_loops_corners, lemuel_crystal_altar, uniq_grinder, uniq_natasha
D:4:      layout_cave_pools, serial_forest, infiniplex_forest_end_2,
          infiniplex_forest_straight_5, infiniplex_forest_end_3,
          infiniplex_forest_clump_large, infiniplex_forest_straight_3,
          infiniplex_forest_straight_4, serial_shops, kennysheep_mini,
          uniq_pikel

Skill      XL: |  1  2  3  4  5  6 |
---------------+-------------------+-----
Ranged Weapons | 4 5 6 7 |  7.8
Fighting       | |  2.0
Dodging        | |  1.7
Stealth        | |  0.7

Action                     |  1- 3 |  4- 6 |  7- 9 || total
---------------------------+-------+-------+-------++-------
   Fire: Sling             |   122 |   146 |    60 ||   328
    Use: Scroll            |       |     2 |     1 ||     3
 Armour: Leather armour    |    17 |     1 |       ||    18
         Ring mail         |       |    12 |    10 ||    22
  Dodge: Dodged            |    12 |    12 |     5 ||    29

Table legend: (Time is in decaauts)
 A = Elapsed time spent in this place.
 B = Non-inter-level travel time spent in this place.
 C = Inter-level travel time spent in this place.
 D = Time resting spent in this place.
 E = Time spent auto-exploring this place.
 F = Levels seen in this place.
 G = Mean time per level.
                   A        B        C        D        E       F      G
               +--------+--------+--------+--------+--------+-----+--------+
         Total |   2512 |   2317 |    195 |    299 |   1674 |   4 |  628.0 |
       Dungeon |   2512 |   2317 |    195 |    299 |   1674 |   4 |  628.0 |
               +--------+--------+--------+--------+--------+-----+--------+

Top non-repeatable levels by time:
     D:3: 975 daAuts
     D:1: 844 daAuts
     D:2: 679 daAuts
     D:4: 12 daAuts
